MID
CEDAR RAPIDS KERNELS @ KANNAPOLIS INTIMIDATORS
09/06/2046
 
TOP OF THE 1ST
Cedar Rapids Kernels batting - Pitching for Kannapolis Intimidators : LHP Phil Peterson
Pitching: LHP Phil Peterson
Batting: RHB Mike Craver 0-0: Ball
1-0: Foul Ball, location: 2F
1-1: Foul Ball, location: 2F
1-2: Ball
2-2: Fly out, F9 (Flyball, 9LMF, EV 90.0 MPH)
Batting: LHB David Campbell 0-0: Ball
1-0: Foul Ball, location: 2F
1-1: Foul Ball, location: 2F
1-2: Ball
2-2: Foul Ball, location: 2F
2-2: Ball
3-2: Foul Ball, location: 2F
3-2: Strikes out swinging
Batting: RHB Sean Gould 0-0: Ball
1-0: Foul Ball, location: 2F
1-1: Ball
2-1: Foul Ball, location: 2F
2-2: Foul Ball, location: 2F
2-2: Foul Ball, location: 2F
2-2: Ground out 5-3 (Groundball, 5, EV 101.2 MPH)
Top of the 1st over - 0 runs, 0 hits, 0 errors, 0 left on base; Cedar Rapids 0 - Kannapolis 0
BOTTOM OF THE 1ST
Kannapolis Intimidators batting - Pitching for Cedar Rapids Kernels : RHP Matt Springer
Pitching: RHP Matt Springer
Batting: RHB Josiah Wright 0-0: Ball
1-0: DOUBLE (Line Drive, 78XD, EV 104.4 MPH)
Batting: RHB Mark Jones 0-0: Fly out, F7 (Flyball, 7, EV 91.9 MPH)
Batting: SHB Ruben Velasco Jr. 0-0: Called Strike
0-1: Ball
1-1: Ball
2-1: Ball
3-1: Base on Balls
Batting: RHB Vic Lucatero 0-0: Ball
1-0: Foul Ball, location: 2F
1-1: Called Strike
1-2: Foul Ball, location: 2F
1-2: Foul Ball, location: 2F
1-2: Strikes out looking
Batting: SHB Matt Childers 0-0: Called Strike
0-1: Ball
Wild Pitch!
Josiah Wright to third
Ruben Velasco Jr. to second
1-1: Fly out, F6 (Line Drive, 6M, EV 70.6 MPH)
Bottom of the 1st over - 0 runs, 1 hit, 0 errors, 2 left on base; Cedar Rapids 0 - Kannapolis 0
TOP OF THE 2ND
Cedar Rapids Kernels batting - Pitching for Kannapolis Intimidators : LHP Phil Peterson
Batting: RHB Ryan Gautney 0-0: Called Strike
0-1: Ground out 5-3 (Groundball, 56, EV 108.1 MPH)
Batting: SHB Matt Urbani 0-0: Foul Ball, location: 2F
0-1: Ball
1-1: SINGLE (Groundball, 5S, EV 71.9 MPH) (infield hit)
Batting: LHB Chris Munguia 0-0: Ball
1-0: Ball
Matt Urbani steals 2nd base
2-0: Ball
3-0: Called Strike
3-1: Foul Ball, location: 2F
3-2: Fly out, F8 (Flyball, 8LD, EV 95.0 MPH)
Batting: LHB Israel Montoya 0-0: Called Strike
0-1: Ball
1-1: Ground out U3 (Groundball, 34, EV 79.4 MPH)
Top of the 2nd over - 0 runs, 1 hit, 0 errors, 1 left on base; Cedar Rapids 0 - Kannapolis 0
BOTTOM OF THE 2ND
Kannapolis Intimidators batting - Pitching for Cedar Rapids Kernels : RHP Matt Springer
Batting: LHB Kevin Rolison 0-0: Ball
1-0: Ball
2-0: Foul Ball, location: 2F
2-1: Foul Ball, location: 2F
2-2: Ground out 3-1 (Groundball, 34, EV 107.5 MPH)
Batting: RHB Jeff Cox 0-0: Called Strike
0-1: Foul Ball, location: 2F
0-2: Ball
1-2: Strikes out swinging
Batting: SHB Josh Conner 0-0: Ball
1-0: Ball
2-0: Called Strike
2-1: Fly out, F8 (Line Drive, 8LM, EV 85.6 MPH)
Bottom of the 2nd over - 0 runs, 0 hits, 0 errors, 0 left on base; Cedar Rapids 0 - Kannapolis 0
TOP OF THE 3RD
Cedar Rapids Kernels batting - Pitching for Kannapolis Intimidators : LHP Phil Peterson
Batting: RHB Tony Crespo 0-0: Called Strike
0-1: Ball
1-1: Ball
2-1: Foul Ball, location: 2F
2-2: Ball
3-2: Foul Ball, location: 2F
3-2: Foul Ball, location: 2F
3-2: Fly out, F9 (Flyball, 89S, EV 93.8 MPH)
Batting: LHB Bill Young 0-0: Ball
1-0: Foul Ball, location: 2F
1-1: Swinging Strike
1-2: Ball
2-2: Foul Ball, location: 2F
2-2: Strikes out swinging
Batting: RHB Mike Craver 0-0: Ball
1-0: Foul Ball, location: 2F
1-1: Ball
2-1: Ball
3-1: SOLO HOME RUN (Flyball, 7D, EV 96.9 MPH), Distance : 365 ft
Batting: LHB David Campbell 0-0: Ball
1-0: Ball
2-0: Fly out, F7 (Line Drive, 78M, EV 86.2 MPH)
Top of the 3rd over - 1 run, 1 hit, 0 errors, 0 left on base; Cedar Rapids 1 - Kannapolis 0
BOTTOM OF THE 3RD
Kannapolis Intimidators batting - Pitching for Cedar Rapids Kernels : RHP Matt Springer
Batting: LHB Robert Rauda 0-0: Called Strike
0-1: Foul Ball, location: 2F
0-2: Strikes out swinging
Batting: RHB Josiah Wright 0-0: Ball
1-0: Called Strike
1-1: Ball
2-1: Foul Ball, location: 2F
2-2: Strikes out swinging
Batting: RHB Mark Jones 0-0: Ball
1-0: Foul Ball, location: 2F
1-1: Fly out, F8 (Line Drive, 8LS, EV 90.6 MPH)
Bottom of the 3rd over - 0 runs, 0 hits, 0 errors, 0 left on base; Cedar Rapids 1 - Kannapolis 0
TOP OF THE 4TH
Cedar Rapids Kernels batting - Pitching for Kannapolis Intimidators : LHP Phil Peterson
Batting: RHB Sean Gould 0-0: Fly out, F9 (Line Drive, 9S, EV 91.9 MPH)
Batting: RHB Ryan Gautney 0-0: Fly out, F8 (Line Drive, 8RM, EV 89.4 MPH)
Batting: SHB Matt Urbani 0-0: Ball
1-0: Foul Ball, location: 2F
1-1: Ball
2-1: Swinging Strike
2-2: Ball
3-2: Base on Balls
Batting: LHB Chris Munguia 0-0: Swinging Strike
0-1: Ball
1-1: Ball
2-1: Ball
Matt Urbani steals 2nd, throwing error, E2
Matt Urbani to third
3-1: Base on Balls
Batting: LHB Israel Montoya 0-0: Ball
1-0: Fly out, F9 (Flyball, 9D, EV 92.5 MPH)
Top of the 4th over - 0 runs, 0 hits, 1 error, 2 left on base; Cedar Rapids 1 - Kannapolis 0
BOTTOM OF THE 4TH
Kannapolis Intimidators batting - Pitching for Cedar Rapids Kernels : RHP Matt Springer
Batting: SHB Ruben Velasco Jr. 0-0: Ground out 4-3 (Groundball, 4, EV 88.8 MPH)
Batting: RHB Vic Lucatero 0-0: Ball
1-0: Ball
2-0: SINGLE (Line Drive, 89S, EV 94.4 MPH)
Batting: SHB Matt Childers 0-0: Swinging Strike
0-1: Called Strike
0-2: Foul Ball, location: 2F
0-2: Ball
1-2: Strikes out swinging
Batting: LHB Kevin Rolison 0-0: Ball
1-0: Foul Ball, location: 2F
1-1: Called Strike
1-2: Ball
2-2: Ball
3-2: Foul Ball, location: 2F
3-2: Base on Balls
Vic Lucatero to second
Batting: RHB Jeff Cox 0-0: Ball
1-0: Fielders Choice at 2nd, U4 (Groundball, 4M, EV 102.5 MPH)
Bottom of the 4th over - 0 runs, 1 hit, 0 errors, 2 left on base; Cedar Rapids 1 - Kannapolis 0
TOP OF THE 5TH
Cedar Rapids Kernels batting - Pitching for Kannapolis Intimidators : LHP Phil Peterson
Batting: RHB Tony Crespo 0-0: Ball
1-0: Ball
2-0: Ground out 5-3 (Groundball, 5, EV 108.8 MPH)
Batting: LHB Bill Young 0-0: Called Strike
0-1: Called Strike
0-2: Ball
1-2: Ball
2-2: Ball
3-2: Fly out, F8 (Flyball, 8LXD, EV 78.8 MPH)
Batting: RHB Mike Craver 0-0: Ball
1-0: Ball
2-0: Foul Ball, location: 2F
2-1: Foul Ball, location: 2F
2-2: Foul Ball, location: 2F
2-2: Ball
3-2: Foul Ball, location: 2F
3-2: Foul Ball, location: 2F
3-2: SINGLE (Groundball, 56D, EV 97.5 MPH)
Pitching: RHP Ricardo Bautista
Batting: LHB David Campbell 0-0: Foul Ball, location: 2F
0-1: Foul Ball, location: 2F
0-2: Ball
1-2: Hit by Pitch
Mike Craver to second
Batting: RHB Sean Gould 0-0: Ball
1-0: Foul Ball, location: 2F
1-1: Foul Ball, location: 2F
1-2: Foul Ball, location: 2F
1-2: Ball
2-2: Ground out 4-3 (Groundball, 4, EV 76.9 MPH)
Top of the 5th over - 0 runs, 1 hit, 0 errors, 2 left on base; Cedar Rapids 1 - Kannapolis 0
BOTTOM OF THE 5TH
Kannapolis Intimidators batting - Pitching for Cedar Rapids Kernels : RHP Matt Springer
Batting: SHB Josh Conner 0-0: Foul Ball, location: 2F
0-1: Ball
1-1: SINGLE (Flyball, 56D, EV 95.0 MPH)
Batting: LHB Robert Rauda 0-0: Called Strike
0-1: Ball
1-1: Fielders Choice at 2nd, 6-4 (Groundball, 56, EV 105.6 MPH)
Batting: RHB Josiah Wright 0-0: Ball
Robert Rauda steals 2nd, throwing error, E2
Robert Rauda to third
1-0: Ball
2-0: Called Strike
2-1: TRIPLE (Flyball, 9LD, EV 96.2 MPH)
Robert Rauda scores
Batting: RHB Mark Jones 0-0: Ground out U3 (Groundball, 34S, EV 76.9 MPH)
Josiah Wright scores
Batting: SHB Ruben Velasco Jr. 0-0: Foul Ball, location: 2F
0-1: DOUBLE (Flyball, 8RXD, EV 93.1 MPH)
Batting: RHB Vic Lucatero 0-0: Called Strike
0-1: Foul Ball, location: 2F
0-2: Strikes out looking
Bottom of the 5th over - 2 runs, 3 hits, 1 error, 1 left on base; Cedar Rapids 1 - Kannapolis 2
TOP OF THE 6TH
Cedar Rapids Kernels batting - Pitching for Kannapolis Intimidators : RHP Ricardo Bautista
Batting: RHB Ryan Gautney 0-0: Ball
1-0: Ball
2-0: Foul Ball, location: 2F
2-1: Foul Ball, location: 2F
2-2: Ball
3-2: Strikes out swinging
Batting: SHB Matt Urbani 0-0: Foul Ball, location: 2F
0-1: Ball
1-1: Ball
2-1: Foul Ball, location: 2F
2-2: Ground out U3 (Groundball, 34S, EV 67.5 MPH)
Batting: LHB Chris Munguia 0-0: Foul Ball, location: 2F
0-1: Foul Ball, location: 2F
0-2: Foul Ball, location: 2F
0-2: Ball
1-2: Strikes out swinging
Top of the 6th over - 0 runs, 0 hits, 0 errors, 0 left on base; Cedar Rapids 1 - Kannapolis 2
BOTTOM OF THE 6TH
Kannapolis Intimidators batting - Pitching for Cedar Rapids Kernels : RHP Matt Springer
Batting: SHB Matt Childers 0-0: Fly out, F7 (Flyball, BS1, EV 92.5 MPH)
Batting: LHB Kevin Rolison 0-0: Called Strike
0-1: DOUBLE (Line Drive, 78M, EV 97.5 MPH)
Batting: RHB Jeff Cox 0-0: Ball
1-0: Fly out, F9 (Flyball, 9, EV 91.9 MPH)
Batting: SHB Josh Conner 0-0: Called Strike
0-1: Ball
Balk!
Kevin Rolison to third
1-1: Ground out 3-1 (Groundball, 13, EV 88.8 MPH)
Bottom of the 6th over - 0 runs, 1 hit, 0 errors, 1 left on base; Cedar Rapids 1 - Kannapolis 2
TOP OF THE 7TH
Cedar Rapids Kernels batting - Pitching for Kannapolis Intimidators : RHP Ricardo Bautista
Batting: LHB Israel Montoya 0-0: Ball
1-0: Ground out 4-3 (Groundball, 4, EV 86.2 MPH)
Batting: RHB Tony Crespo 0-0: Ball
1-0: Foul Ball, location: 2F
1-1: Swinging Strike
1-2: Fly out, F7 (Flyball, 78D, EV 79.4 MPH)
Batting: LHB Bill Young 0-0: Swinging Strike
0-1: Foul Ball, location: 2F
0-2: Ball
1-2: Ball
2-2: Ball
3-2: Base on Balls
Batting: RHB Mike Craver 0-0: Called Strike
0-1: Ball
1-1: Swinging Strike
1-2: Strikes out swinging
Top of the 7th over - 0 runs, 0 hits, 0 errors, 1 left on base; Cedar Rapids 1 - Kannapolis 2
BOTTOM OF THE 7TH
Kannapolis Intimidators batting - Pitching for Cedar Rapids Kernels : RHP Matt Springer
Batting: LHB Robert Rauda 0-0: Ball
1-0: Ball
2-0: Called Strike
2-1: Ball
3-1: Base on Balls
Batting: RHB Josiah Wright 0-0: Called Strike
0-1: Grounds into double play, 5-4-3 (Groundball, 56, EV 92.5 MPH)
Batting: RHB Mark Jones 0-0: Ball
1-0: Ground out 6-3 (Groundball, 6, EV 102.5 MPH)
Bottom of the 7th over - 0 runs, 0 hits, 0 errors, 0 left on base; Cedar Rapids 1 - Kannapolis 2
TOP OF THE 8TH
Cedar Rapids Kernels batting - Pitching for Kannapolis Intimidators : RHP Ricardo Bautista
Pitching: RHP Ron Knowles
Batting: LHB David Campbell 0-0: Foul Ball, location: 2F
0-1: Called Strike
0-2: Ball
1-2: Ground out 4-3 (Groundball, 34, EV 80.6 MPH)
Pinch Hitting: LHB Ho-win Zhou 0-0: Called Strike
0-1: Called Strike
0-2: Foul Ball, location: 2F
0-2: Ground out 4-3 (Groundball, 4M, EV 78.8 MPH)
Pinch Hitting: SHB Dan Morataya 0-0: Called Strike
0-1: Swinging Strike
0-2: Foul Ball, location: 2F
0-2: Ball
1-2: Strikes out looking
Top of the 8th over - 0 runs, 0 hits, 0 errors, 0 left on base; Cedar Rapids 1 - Kannapolis 2
BOTTOM OF THE 8TH
Kannapolis Intimidators batting - Pitching for Cedar Rapids Kernels : RHP Matt Springer
Now at 2B: Tony Crespo
Now at 3B: Seung-jun Chang
Now in LF: Dan Morataya
Batting: SHB Ruben Velasco Jr. 0-0: Called Strike
0-1: Ball
1-1: Ball
2-1: Ball
3-1: Base on Balls
Pitching: RHP Steven Legge
Batting: RHB Vic Lucatero 0-0: Foul Ball, location: 2F
0-1: Ball
1-1: Fly out, F9 (Flyball, 89M, EV 81.9 MPH)
Batting: SHB Matt Childers 0-0: Ball
1-0: Grounds into double play, 4-6-3 (Groundball, 34S, EV 80.0 MPH)
Bottom of the 8th over - 0 runs, 0 hits, 0 errors, 0 left on base; Cedar Rapids 1 - Kannapolis 2
TOP OF THE 9TH
Cedar Rapids Kernels batting - Pitching for Kannapolis Intimidators : RHP Ron Knowles
Pitching: LHP Jonas Jennings
Batting: SHB Matt Urbani 0-0: Ball
1-0: Foul Ball, location: 2F
1-1: Ball
2-1: Foul Ball, location: 2F
2-2: Ball
3-2: SINGLE (Line Drive, 6MD, EV 103.8 MPH)
Pinch Hitting: RHB Graham Calvert 0-0: Called Strike
0-1: Ball
1-1: Bunt missed!
1-2: Fly out, F8 (Flyball, 8RM, EV 91.2 MPH)
Batting: LHB Israel Montoya 0-0: Fielders Choice at 2nd, 1-6 (Groundball, 34S, EV 68.8 MPH)
Batting: RHB Tony Crespo 0-0: Ball
1-0: Ball
2-0: Ball
3-0: Foul Ball, location: 2F
3-1: Foul Ball, location: 2F
3-2: Foul Ball, location: 2F
3-2: Foul Ball, location: 2F
3-2: SINGLE (Line Drive, 89M, EV 103.1 MPH)
Israel Montoya to second
Israel Montoya to third
Pitching: LHP Matt Donnelly
Batting: LHB Bill Young 0-0: Ball
1-0: Called Strike
1-1: Swinging Strike
1-2: Strikes out swinging
Top of the 9th over - 0 runs, 2 hits, 0 errors, 2 left on base; Cedar Rapids 1 - Kannapolis 2
Tuesday, September 13th , 2022 - OOTP Baseball 23.7 Build 88